 Dungeon Crawl Stone Soup version 0.20-a0-1020-g7b9e4fe (webtiles) character file.

56913 Lochraine the Severer (level 15, -4/115 HPs)
             Began as a Formicid Abyssal Knight on Apr 17, 2017.
             Was a High Priest of Lugonu.
             Slain by Agnes
             ... wielding a +6 lajatang of electrocution
              (20 damage)
             ... on level 14 of the Dungeon on Apr 18, 2017.
             The game lasted 01:27:09 (28279 turns).

Lochraine the Severer (Formicid Abyssal Knight)    Turns: 28279, Time: 01:27:10

Health: -4/115     AC: 25    Str: 23    XL:     15   Next: 24%
Magic:  18/23      EV:  6    Int: 12    God:    Lugonu [*****.]
Gold:   1558       SH: 24    Dex: 13    Spells: 14/14 levels left

rFire    + . .     SeeInvis +   a - +0 battleaxe (venom)
rCold    . . .     Gourm    .   g - +0 large shield
rNeg     . . .     Faith    .   W - +3 plate armour {rF+}
rPois    +         Spirit   .   (helmet unavailable)
rElec    .         Reflect  +   H - +1 cloak
rCorr    .         Harm     .   R - +1 pair of gloves {Dex+3}
MR       +....                  P - +2 pair of boots
Stlth    ..........             Q - +5 amulet of reflection
Regen    0.3/turn               V - ring of poison resistance
MPRegen  0.2/turn               k - ring of stealth

@: no status effects
A: permanent stasis, dig shafts and tunnels, four strong arms, antennae 3
a: Dig, Shaft Self, Depart the Abyss, Bend Space, Banish, Corrupt, Enter the
Abyss, Renounce Religion


You were on level 14 of the Dungeon.
You worshipped Lugonu.
Lugonu was extremely pleased with you.
You were not hungry.

You visited 2 branches of the dungeon, and saw 20 of its levels.
You visited the Abyss 1 time.

You collected 1558 gold pieces.

Inventory:

Hand Weapons
 a - a +0 battleaxe of venom (weapon)
 b - a +3 broad axe of flaming
 d - a +0 executioner's axe of chopping
Armour
 g - a +0 large shield (worn)
 w - the +0 buckler of the Hall of Blades {rElec}
   (You took it off an orc on level 4 of the Dungeon)

   It insulates you from electricity.
 H - a +1 cloak (worn)
 P - a +2 pair of boots (worn)
 R - a +1 pair of gloves of dexterity (worn)
 W - a +3 plate armour of fire resistance (worn)
Jewellery
 k - a ring of stealth (right hand)
 p - an uncursed ring of magical power
 r - an uncursed ring of ice
 O - an uncursed ring of fire
 Q - a +5 amulet of reflection (around neck)
 V - a ring of poison resistance (left hand)
 Y - an uncursed amulet of regeneration {unknown}
Wands
 i - a wand of acid (8/15)
 q - a wand of polymorph (17/24)
 s - a wand of iceblast (0/15)
 t - a wand of polymorph (11/24)
 E - a wand of random effects (43/48)
 G - a wand of polymorph (18/24)
 I - a wand of enslavement (5/24)
 J - a wand of random effects (15/48)
 L - a wand of polymorph (13/24)
 N - a wand of flame (6/48)
 S - a wand of confusion (28/48)
 T - a wand of flame (9/48)
Scrolls
 j - 7 scrolls of remove curse
 l - 2 scrolls of amnesia
 u - a scroll of enchant armour
 y - a scroll of immolation
 M - 2 scrolls of fear
Potions
 e - 4 potions of flight
 h - 4 potions of mutation
 m - 3 potions of curing
 v - 3 potions of cancellation
 x - a potion of invisibility {unknown}
 z - 2 potions of brilliance {unknown}
 A - 3 potions of lignification {unknown}
 F - a potion of magic {unknown}
 U - a potion of ambrosia
 X - a potion of heal wounds
Miscellaneous
 n - a fan of gales
 D - a phial of floods (inert)
Comestibles
 c - 9 bread rations
 o - 11 meat rations
 B - 13 royal jellies
 C - 4 fruits


   Skills:
 + Level 9.8 Fighting
 * Level 16.7 Axes
 - Level 8.8 Armour
 - Level 0.8 Dodging
 + Level 13.1 Shields
 - Level 11.0 Invocations
 - Level 5.0 Evocations


You had 14 spell levels left.
You didn't know any spells.

Dungeon Overview and Level Annotations

Branches:
Dungeon (14/15)            Temple (0/1) D:4            Lair (6/6) D:9
 Shoals (0/4) Lair:3        Snake (0/4) Lair:2        Slime (0/5) Lair:5
    Orc (0/2) D:11         Vaults (0/5) D:13

Altars:
Ashenzari
Gozag
Nemelex Xobeh
Uskayaw
The Shining One
Jiyva

Annotations:
D:2 1 runed door
D:3 Grinder
D:5 Menkaure
D:7 Duvessa, Prince Ribbit
D:14 exclusion: Roxanne, Agnes, Roxanne
Abyss:1 Sonja


Innate Abilities, Weirdness & Mutations

You cannot be hasted, slowed, berserked, paralysed or teleported.
You can dig through walls and to a lower floor.
Your four strong arms can wield two-handed weapons with a shield.
You have a pair of large antennae on your head. (SInv)


Message History

Unknown command.
Okay, then.
Unknown command.
Unknown command.
Press: ? - help, Shift-Dir - straight line, f - Agnes
Aim: Agnes, wielding a lajatang of electrocution and wearing an embroidered robe (lightly wounded, berserk, fast, unusually strong, poisoned, chance to defeat MR: 25%) Agnes resists with almost no effort.
You feel somewhat more hungry.
Lugonu is no longer ready to corrupt your weapon.
Agnes rages.
You block Agnes's attack. Space bends around you!
You blink.
You hear a shout!
The orc wizard casts a spell.
The orc wizard seems to speed up.
Found an encrusted ivory ring.
The orc wizard hits you but does no damage.
The orc hits you with a dagger.
* * * LOW HITPOINT WARNING * * *
Agnes hits you but does no damage.
You are electrocuted!
You die...

#.....# #.... #.....#
#... #.....# #.###...
#.....# #.....=.
#.....# #......#
#.....# #...#..#
#.....# #...#..#
##.....# #.....@+
#......#
#.....i##+##.....#
#.....oo...#.....#####
#.....oo...#.........#
#.####..#..#.........#
#.....o.#..#.....##..#
#..........#.....##..#
#......#####...........
#.##...#...............


You could see Agnes (berserk), an orc wizard and 4 orcs.

Vanquished Creatures
  Snorg (Lair:5)
  A fire dragon (Lair:6)
  4 vault guards (D:13)
  A hydra (D:13)
  A centaur warrior (D:13)
  5 two-headed ogres
  A tengu warrior (D:13)
  3 death yaks (Lair:5)
  A fire crab (Lair:6)
  3 unseen horrors
  A wizard (D:14)
  2 ugly things
  2 cyclopes (D:13)
  3 manticores
  6 elephants
  3 molten gargoyles (Lair:6)
  A black mamba (Lair:6)
  10 spiny frogs
  A gargoyle (D:11)
  13 rime drakes
  A kobold demonologist (D:12)
  An efreet (D:14)
  11 komodo dragons
  2 queen bees
  5 trolls
  A polar bear (Lair:6)
  A hornet (Lair:5)
  4 slime creatures (D:13)
  5 blink frogs
  6 hippogriffs
  A shadow (D:12)
  2 wraiths
  22 yaks
  4 wyverns
  2 basilisks
  The ghost of altajko the Twirler, an amateur GnWn of Nemelex Xobeh (D:4)
  8 steam dragons
  3 nagas (Lair:2)
  8 swamp worms (Lair:2)
  12 water moccasins
  An acid dragon (D:11)
  4 hell hounds (Lair:6)
  7 porcupines
  2 ice beasts
  3 orc warriors
  5 sky beasts
  A black bear (D:9)
  2 phantoms
  A necrophage (D:10)
  3 ogres (D:6)
  3 centaurs
  6 wolves
  12 crocodiles
  4 big kobolds
  21 bullfrogs
  A wyvern zombie (D:12)
  A wyvern skeleton (D:6)
  Dowan (D:7)
  5 scorpions
  A water moccasin skeleton (D:9)
  40 killer bees
  4 howler monkeys
  5 wights
  An electric eel (Lair:3)
  A bullfrog zombie (D:13)
  3 lava snakes (Lair:6)
  6 crimson imps
  2 centaur zombies
  4 hounds
  15 orc priests
  2 bullfrog skeletons
  A gnoll shaman (D:10)
  6 jellies
  9 orc wizards
  2 centaur skeletons (D:4)
  Jessica (D:3)
  Ijyb (D:3)
  5 iguanas
  8 worker ants
  A hell rat (Lair:3)
  A hound zombie (D:9)
  2 hound skeletons
  A worker ant zombie (D:11)
  5 gnolls (D:10)
  16 adders
  A river rat (D:6)
  2 shadow imps (D:6)
  2 adder skeletons
  14 worms
  A dart slug (D:1)
  7 leopard geckos
  52 orcs
  3 ball pythons
  7 giant cockroaches
  5 hobgoblins
  19 kobolds
  3 quokkas
  3 bats
  10 frilled lizards
  11 goblins
  2 leopard gecko skeletons (D:4)
  A quokka zombie (D:5)
  4 rats
  4 fungi
  8 plants
548 creatures vanquished.

Vanquished Creatures (collateral kills)
  Louise (D:14)
  An acid dragon (Lair:3)
  A killer bee (Lair:1)
  A bullfrog zombie (D:13)
4 creatures vanquished.

Vanquished Creatures (others)
  6 hydras
  A two-headed ogre (D:9)
  A black mamba (Lair:6)
  A water moccasin (Lair:6)
  2 killer bees
  An orc warrior (D:6)
  A centaur (D:11)
  A crocodile (Lair:6)
  An orc (D:11)
  18 fungi
  14 plants
47 creatures vanquished.

Grand Total: 599 creatures vanquished

Notes
Turn   | Place    | Note
-------+----------+-------------------------------------------
     0 | Abyss:1  | Lochraine the Formicid Abyssal Knight began the quest for the Orb.
     0 | Abyss:1  | Reached XP level 1. HP: 18/18 MP: 2/2
     4 | Abyss:1  | Found a corrupted altar of Lugonu.
    21 | Abyss:1  | Noticed a crimson imp
    45 | Abyss:1  | Noticed a quasit
    47 | Abyss:1  | Noticed a small abomination
    56 | D:1      | Escaped the Abyss
   210 | D:1      | Reached XP level 2. HP: 23/24 MP: 3/3
   249 | D:1      | Reached * piety under Lugonu
  1018 | D:2      | Found a glowing golden altar of the Shining One.
  1070 | D:2      | Reached XP level 3. HP: 19/29 MP: 5/5
  1208 | D:2      | Found a shattered altar of Ashenzari.
  1590 | D:2      | Found a runed door.
  1820 | D:3      | Reached skill level 3 in Axes
  1860 | D:3      | Found Gozag's Platinum Reserve.
  1869 | D:3      | Reached XP level 4. HP: 33/37 MP: 6/6
  1901 | D:3      | Found an opulent altar of Gozag.
  2405 | D:3      | Reached XP level 5. HP: 34/42 MP: 7/7
  2594 | D:3      | Noticed Jessica
  2611 | D:3      | Killed Jessica
  2898 | D:3      | Noticed Ijyb
  2920 | D:3      | Killed Ijyb
  2920 | D:3      | Reached skill level 4 in Axes
  2977 | D:3      | Noticed Grinder
  2982 | D:3      | Reached XP level 6. HP: 33/49 MP: 8/8
  3000 | D:3      | You fall through a shaft for 2 floors!
  3000 | D:5      | Entered Level 5 of the Dungeon
  3130 | D:5      | Noticed a sky beast
  3179 | D:3      | Killed a sky beast
  3660 | D:4      | Noticed altajko's ghost (amateur GnWn)
  4026 | D:3      | Reached skill level 1 in Shields
  4313 | D:3      | Reached XP level 7. HP: 37/55 MP: 10/10
  4680 | D:4      | Reached ** piety under Lugonu
  5027 | D:4      | Found a staircase to the Ecumenical Temple.
  5206 | D:4      | Got a spiked buckler
  5217 | D:4      | Identified the cursed +0 buckler of the Hall of Blades {rElec} (You took it off an orc on level 4 of the Dungeon)
  5284 | D:4      | Reached skill level 5 in Fighting
  5630 | D:4      | Killed altajko's ghost
  5630 | D:4      | Reached skill level 5 in Axes
  5630 | D:4      | Reached XP level 8. HP: 62/62 MP: 11/11
  6489 | D:5      | Noticed Menkaure
  6740 | D:4      | Reached skill level 5 in Shields
  7049 | D:5      | Reached skill level 6 in Axes
  7545 | D:6      | Reached XP level 9. HP: 37/68 MP: 12/12
  7811 | D:6      | HP: 3/68 [wight/battleaxe (8)]
  8956 | D:6      | Reached skill level 7 in Axes
  9737 | D:6      | Reached *** piety under Lugonu
  9805 | D:7      | Reached skill level 5 in Armour
  9989 | D:7      | Found a hide-covered altar of Uskayaw.
 10015 | D:7      | Noticed Dowan
 10033 | D:7      | Killed Dowan
 10110 | D:7      | Reached skill level 8 in Axes
 10110 | D:7      | Reached skill level 5 in Invocations
 10112 | D:7      | Noticed a green ugly thing
 10583 | D:6      | Found a sparkling altar of Nemelex Xobeh.
 10772 | D:7      | Noticed Duvessa
 10819 | D:7      | Noticed Prince Ribbit
 10824 | D:7      | You fall through a shaft for 2 floors!
 11412 | D:9      | Reached XP level 10. HP: 68/74 MP: 14/14
 11460 | D:9      | Noticed a two-headed ogre
 11769 | D:8      | Reached skill level 9 in Axes
 11775 | D:9      | Banished a two-headed ogre
 12148 | D:9      | Found a staircase to the Lair.
 12276 | Lair:1   | Entered Level 1 of the Lair of Beasts
 12276 | Lair:1   | Noticed Sonja
 12277 | Lair:1   | Banished Sonja
 12452 | Lair:1   | Reached skill level 10 in Axes
 12502 | Lair:1   | Noticed a komodo dragon
 12841 | Lair:1   | Killed a komodo dragon
 13534 | Lair:1   | Noticed a six-headed hydra
 13535 | Lair:1   | Banished a six-headed hydra
 13535 | Lair:1   | Reached XP level 11. HP: 83/83 MP: 15/15
 14316 | Lair:1   | Reached skill level 11 in Axes
 14767 | Lair:1   | Upgraded the game from 0.20-a0-1018-ge435b50 to 0.20-a0-1020-g7b9e4fe
 15599 | Lair:2   | Found a staircase to the Snake Pit.
 16541 | Lair:2   | Reached **** piety under Lugonu
 18006 | Lair:3   | Reached skill level 12 in Axes
 18240 | Lair:3   | Reached XP level 12. HP: 85/92 MP: 17/17
 18392 | Lair:3   | Found a staircase to the Shoals.
 18664 | Lair:3   | Reached skill level 1 in Evocations
 18687 | Lair:3   | You fall through a shaft for 2 floors!
 19344 | Lair:5   | Noticed a death yak
 19344 | Lair:5   | Noticed a death yak
 19345 | Lair:5   | Noticed a death yak
 19375 | Lair:5   | Killed a death yak
 19426 | Lair:5   | Killed a death yak
 19445 | Lair:5   | Killed a death yak
 19875 | Lair:3   | Reached skill level 13 in Axes
 20392 | Lair:3   | Reached ***** piety under Lugonu
 20413 | Lair:3   | Reached XP level 13. HP: 44/98 MP: 19/19
 20512 | Lair:3   | Reached skill level 10 in Shields
 21149 | Lair:3   | Reached skill level 5 in Evocations
 22465 | Lair:4   | Reached skill level 14 in Axes
 22840 | Lair:5   | Noticed Snorg
 22858 | Lair:5   | Killed Snorg
 22872 | Lair:5   | Found a viscous altar of Jiyva.
 22876 | Lair:5   | Found a staircase to the Slime Pits.
 23103 | Lair:6   | Entered Level 6 of the Lair of Beasts
 23322 | Lair:6   | Reached skill level 10 in Invocations
 23395 | Lair:6   | Noticed a four-headed hydra
 23409 | Lair:6   | Banished a five-headed hydra
 23542 | Lair:6   | Noticed a fire dragon
 23784 | Lair:6   | Noticed a six-headed hydra
 23788 | Lair:6   | Banished a six-headed hydra
 24147 | Lair:6   | Found a large runed door.
 24148 | Lair:6   | Found a large runed door.
 24179 | Lair:6   | Killed a fire dragon
 24384 | Lair:6   | Reached XP level 14. HP: 76/104 MP: 22/22
 24478 | Lair:6   | Reached skill level 15 in Axes
 25287 | D:10     | Entered Level 10 of the Dungeon
 26645 | D:11     | Found a staircase to the Orcish Mines.
 26893 | D:12     | Reached skill level 16 in Axes
 27502 | D:13     | Found a gate to the Vaults.
 27537 | D:13     | Reached XP level 15. HP: 73/113 MP: 23/23
 28122 | D:14     | Noticed Louise
 28135 | D:14     | Killed Louise
 28169 | D:14     | Noticed Roxanne
 28212 | D:14     | Reached ****** piety under Lugonu
 28268 | D:14     | Noticed Agnes
 28279 | D:14     | Slain by Agnes

Vault maps used:
D:1:      scummos_arrival_simple_fountains
D:2:      nicolae_ashenzari_panopticon, old_standard_altar,
          uniq_crazy_yiuf_cottage
D:3:      first_bread, grunt_ministairs_4, nicolae_gozag_zags_fifth_avenue,
          uniq_iyjb, uniq_grinder, uniq_jessica
D:4:      minmay_wonky_spiral, minmay_temple_entry_statues_fountains
D:5:      hangedman_abyss_or_decor_lesser_grid, uniq_menkaure
D:6:      nicolae_overflow_hidden_temple, gup_sewer_entry_spiral,
          minmay_lizard_king
D:7:      eat_drink_and_be_merry_uskayaw, grunt_ogre_cave, minmay_the_grid_2x2,
          uniq_prince_ribbit1, uniq_duvessa
D:8:      lemuel_slime, basic_altar, serial_shops, shop
D:9:      lair_entry_dummy
D:11:     hiddenorc1_lemuel
D:13:     lightli_vaults_fourway_checkpoint
D:14:     lab_entry_generic, uniq_agnes, uniq_louise, uniq_roxanne
Lair:1:   special_room, beast_lair_carwin_7, uniq_sonja
Lair:2:   minmay_snake_entry_guardpost_small, worms_lemuel,
          infiniplex_staircase_pool_2
Lair:3:   regret_index_wax_grids, minmay_shoals_entry_beasts, fungi_pond_lemuel,
          bobbens_dragon_lair_wall, serial_bayou_shore_b
Lair:5:   slime_altar_1, uniq_snorg
Lair:6:   cheibrodos_lair_end_hotspot, lemuel_old_faithful

Skill      XL: |  1  2  3  4  5  6  7  8  9 10 11 12 13 14 15 |
---------------+----------------------------------------------+-----
Invocations    | 3 4 5 6 7 9 10 11 | 11.0
Axes           | 3 4 5 6 8 10 12 13 14 16 | 16.7
Fighting       | 4 5 6 7 9 |  9.8
Shields        | 2 4 5 6 8 9 11 12 13 | 13.1
Armour         | 4 5 7 8 |  8.8
Evocations     | 4 5 |  5.0
Dodging        | |  0.8

Action                   |  1- 3 |  4- 6 |  7- 9 | 10-12 | 13-15 || total
-------------------------+-------+-------+-------+-------+-------++-------
Melee: Hand axe          |    52 |   142 |   200 |       |       ||   394
       Battleaxe         |       |       |   347 |   740 |   942 ||  2029
       Broad axe         |       |       |       |       |     6 ||     6
 Fire: Hunting sling     |    36 |    47 |       |       |       ||    83
Throw: Javelin           |       |       |    11 |       |       ||    11
       Stone             |       |       |     6 |     3 |       ||     9
Invok: Depart the Abyss  |     1 |       |       |       |       ||     1
       Bend Space        |       |       |    20 |     7 |     3 ||    30
       Banish            |       |       |     3 |     4 |    14 ||    21
 Abil: Dig               |       |     3 |     5 |     2 |     3 ||    13
       Shaft Self        |       |     1 |     1 |     1 |       ||     3
Evoke: Wand              |       |     4 |    10 |    12 |     6 ||    32
       Phial of floods   |       |       |       |       |     2 ||     2
       Box of beasts     |       |       |       |       |     1 ||     1
  Use: Scroll            |     4 |     3 |     6 |    11 |     6 ||    30
       Potion            |       |     1 |     2 |     8 |     1 ||    12
 Stab: Distracted        |       |       |       |       |     2 ||     2
  Eat: Chunk             |     2 |     9 |    18 |    20 |    25 ||    74
       Meat ration       |       |       |     1 |     1 |       ||     2
       Bread ration      |       |       |     1 |       |       ||     1
       Fruit             |       |       |       |     4 |     7 ||    11
       Royal jelly       |       |       |       |     1 |       ||     1
Armor: Leather armour    |     4 |    22 |       |       |       ||    26
       Robe              |     8 |     4 |       |       |       ||    12
       Scale mail        |       |    27 |    56 |       |       ||    83
       Chain mail        |       |       |   186 |    16 |       ||   202
       Plate armour      |       |       |       |   443 |   324 ||   767
Dodge: Dodged            |    38 |    55 |   187 |   278 |    94 ||   652
Block: Large shield      |       |    52 |    43 |   183 |   883 ||  1161
       Buckler           |       |       |    87 |   160 |       ||   247
       Reflection        |       |       |       |       |    37 ||    37
